 Dungeon Crawl Stone Soup version 0.23-a0-629-gae4348f (webtiles) character file.

4871 Mgcat the Cleaver (level 10, -3/111 HPs)
             Began as a Demonspawn Berserker on Dec 26, 2018.
             Was an Elder of Trog.
             Shot with an arrow by a centaur (8 damage)
             ... on level 8 of the Dungeon.
             The game lasted 00:13:51 (8195 turns).

Mgcat the Cleaver (Demonspawn Berserker)            Turns: 8195, Time: 00:13:52

Health: -3/111     AC: 12    Str: 26    XL:     10   Next: 26%
Magic:  10/10      EV:  9    Int:  8    God:    Trog [****..]
Gold:   549        SH:  0    Dex: 13    Spells: 9/9 levels left

rFire    . . .     SeeInvis .   a - +3 battleaxe (chop)
rCold    . . .     Gourm    .   (shield currently unavailable)
rNeg     . . .     Faith    .   m - +0 plate armour
rPois    .         Spirit   .   (no helmet)
rElec    .         Reflect  .   (no cloak)
rCorr    .         Harm     .   (no gloves)
MR       .....                  (boots unavailable)
Stlth    ..........             (no amulet)
HPRegen  0.28/turn              j - ring of stealth {Stlth+}
MPRegen  0.12/turn              l - ring of flight {+Fly, !d}

@: berserking, very quick
A: hooves 3, demonic guardian 1, foul stench 1, rot immunity
a: Berserk, Trog's Hand, Brothers in Arms, Renounce Religion, Evoke Flight


You were on level 8 of the Dungeon.
You worshipped Trog.
Trog was greatly pleased with you.
You were very hungry.

You visited 1 branch of the dungeon, and saw 8 of its levels.
You also visited: Ossuary.

You collected 549 gold pieces.

Inventory:

Hand Weapons
 a - a +3 battleaxe of chopping (weapon)
   (You took it off Blork the orc on level 5 of the Dungeon)
Armour
 b - a +0 animal skin
 m - a +0 plate armour (worn)
   (You found it on level 2 of the Dungeon)
Jewellery
 j - a ring of stealth (left hand) {Stlth+}
   (You found it on level 4 of the Dungeon)
 l - a ring of flight (right hand) {+Fly, !d}
   (You found it on level 2 of the Dungeon)
Wands
 u - a wand of scattershot (6)
   (You found it on level 7 of the Dungeon)
 w - a wand of paralysis (10)
   (You found it on level 5 of the Dungeon)
 A - a wand of iceblast (8)
   (You found it on level 7 of the Dungeon)
 C - a wand of flame (21)
   (You found it on level 8 of the Dungeon)
Scrolls
 f - 6 scrolls of identify
 g - 2 scrolls of magic mapping {!r}
 h - 5 scrolls of teleportation
 i - a scroll of fear
 s - 6 scrolls of remove curse
 y - a scroll of blinking {!r}
Potions
 d - 2 potions of might
 e - 2 potions of lignification {!q}
 k - a potion of resistance {unknown}
 n - 2 potions of brilliance
 o - 2 potions of mutation {unknown}
 p - 2 potions of heal wounds
 q - 4 potions of invisibility
 r - 5 potions of haste
 t - a potion of curing
 v - a potion of magic {unknown}
 x - 2 potions of flight
 z - a potion of cancellation {unknown}
Comestibles
 c - a ration
 B - 12 chunks of flesh {@w0}


   Skills:
 - Level 5.0 Fighting
 + Level 11.7 Axes
 - Level 5.0 Armour
 - Level 5.0 Dodging


You had 9 spell levels left.
You didn't know any spells.
Your spell library contained the following spells:

 Spells                   Type           Power        Failure   Level  Hunger
 Confusing Touch          Hex            #.....       99%         1    ##.....
 Confuse                  Hex            #.......     100%        3    ####...
 Gell's Gravitas          Tloc           #.........   100%        3    ####...
 Petrify                  Tmut/Erth      #.......     100%        4    #####..
 Metabolic Englaciation   Hex/Ice        #.........   100%        5    ######.
 Yara's Violent Unravell  Hex/Tmut       #.........   100%        5    ######.


Dungeon Overview and Level Annotations

Branches:
Dungeon (8/15)             Temple (0/1) D:7            Lair (0/6) D:8

Altars:
Dithmenos
Elyvilon
Qazlal
Ru
Uskayaw
Zin


Innate Abilities, Weirdness & Mutations

You have hooves in place of feet.
A weak demonic guardian rushes to your aid.
You may emit foul miasma when damaged in melee.
You are immune to rotting.


Message History

You closely miss the yak. You kick the yak!
The yak is severely wounded.
You slash the plant! x2; You closely miss the yak.
A worker ant comes into view.
The centaur hits the plant but does no damage.
The adder bites the plant.
The scorpion stings the fungus.
The yak gores you.
* * * LOW HITPOINT WARNING * * *
Unknown command.
Unknown command.
Unknown command.
You slice the yak!!
You kill the yak!
Trog accepts your kill.
You slash the plant! x2
You destroy the plant!
Your plate armour prevents you from hitting the yak.
The centaur hits the plant but does no damage.
The adder bites your shadow imp but does no damage.
The adder completely misses the plant.
The scorpion stings the plant but does no damage.
Unknown command.
Unknown command.
Unknown command.
You slash the yak! You kick the yak!!
The yak is severely wounded.
You slice the plant!!
You destroy the plant!
The porcupine bites the plant!
The centaur hits the plant.
The yak gores you but does no damage. The adder misses your shadow imp.
The adder bites the fungus.
Your shadow imp misses the adder.
Unknown command.
Unknown command.
Unknown command.
You slice the yak!!
You kill the yak!
Trog accepts your kill.
The centaur hits the plant but does no damage.
The porcupine bites the fungus!
The adder bites your shadow imp.
Your shadow imp is poisoned.
The adder poisons your shadow imp!
The scorpion stings the fungus.
The adder bites the plant but does no damage.
Your shadow imp hits the adder.
An iguana comes into view.
Unknown command.
Unknown command.
Unknown command.
Unknown command.
Unknown command.
Unknown command.
Unknown command.
Unknown command.
Unknown command.
Unknown command.
Unknown command.
Unknown command.
Unknown command.
Unknown command.
The centaur hits the plant.
Something bites the fungus.
The adder bites you but does no damage.
Something bites the fungus.
The fungus is destroyed!
Things that are here:
a porcupine corpse x2
Unknown command.
Unknown command.
Unknown command.
Unknown command.
Your plate armour prevents you from hitting the adder.
Your kick misses the adder.
The adder is lightly wounded.
You slice the fungus!! You slash the fungus!
The centaur hits the plant.
Something bites the plant.
The adder bites you.
* * * LOW HITPOINT WARNING * * *
Your shadow imp closely misses the adder.
Something bites the plant but does no damage.
The porcupine bites the plant but does no damage.
The centaur hits the plant.
Something stings the plant but does no damage.
Unknown command.
Unknown command.
You barely miss the adder. Your kick misses the adder.
The adder is lightly wounded.
You slash the fungus! You slice the fungus!!
You destroy the fungus!
The worker ant bites the plant but does no damage.
The adder closely misses you.
Something completely misses the plant.
Your shadow imp closely misses the adder.
The adder bites the fungus.
The centaur hits the plant but does no damage.
The porcupine bites the plant but does no damage.
Unknown command.
Unknown command.
You slice the adder!!
You kill the adder!
Trog accepts your kill.
You slash the fungus!
You destroy the fungus!
The plant looks more healthy.
The worker ant bites the plant.
The centaur wields a +0 shortbow.
The centaur shoots an arrow.
The arrow hits you!
You die... #.# ##..Ps.r. #.# #.P.PSPPPl

#.###...PPPPPP
#.##...PP.PPP.
#.##..PPPP.P.P
#....)PPP...PP
###....PcaPP.P
#P..5.PrP.P.
#..†@.PP>PP.
#..P...PP.PPP
#.......PP..P
#...P.P..PPP.
#..#P.P.PP...P
#.##...P.PPPPP
#..
#....P..PPP #.


#..PP.PPPP. You could see a centaur, an iguana, a porcupine, a worker ant, an
adder and a friendly shadow imp.

Vanquished Creatures
  A two-headed ogre (D:8)
  Pikel (D:6)
  Grinder (D:6)
  2 hippogriffs (D:7)
  Sigmund (D:6)
  2 yaks (D:8)
  An orc warrior (D:6)
  2 porcupines (D:8)
  Purgy (D:3)
  An ice beast (D:7)
  A phantom (D:4)
  An ogre (D:7)
  2 centaurs
  A crocodile (D:8)
  Blork the orc (D:5)
  4 bullfrogs
  A gnoll sergeant (D:6)
  6 scorpions
  4 killer bees (D:7)
  5 wights (D:6)
  A howler monkey (D:5)
  3 crimson imps
  An orc priest (D:7)
  4 iguanas
  4 orc wizards
  3 worker ants
  A hound skeleton (D:4)
  8 mummies (Ossuary)
  8 gnolls
  5 adders
  An adder skeleton (D:6)
  2 worms (D:2)
  A dart slug (D:1)
  5 leopard geckos
  12 orcs
  4 bats
  2 giant cockroaches (D:1)
  A gnoll zombie (Ossuary)
  5 goblins
  6 hobgoblins
  6 jackals
  7 kobolds
  A quokka (D:5)
  A ball python (D:2)
  4 frilled lizards
  A hobgoblin zombie (Ossuary)
  A jackal zombie (D:7)
  3 kobold zombies (Ossuary)
  A leopard gecko zombie (D:6)
  3 orc zombies (Ossuary)
  4 rats
  4 fungi (D:8)
  2 plants (D:8)
154 creatures vanquished.

Vanquished Creatures (collateral kills)
  2 ice beasts
  A killer bee (D:7)
  A hound (D:5)
4 creatures vanquished.

Vanquished Creatures (others)
  An orc wizard (D:6)
  An orc (D:6)
  2 fungi (D:8)
4 creatures vanquished.

Grand Total: 162 creatures vanquished

Notes
Turn   | Place    | Note
-------+----------+-------------------------------------------
     0 | D:1      | Mgcat the Demonspawn Berserker began the quest for the Orb.
     0 | D:1      | Reached XP level 1. HP: 18/18 MP: 1/1
   141 | D:1      | Reached skill level 2 in Armour
   141 | D:1      | Reached skill level 2 in Dodging
   155 | D:1      | Gained mutation: You have large cloven feet. [demonic
                  | ancestry]
   155 | D:1      | Reached XP level 2. HP: 21/24 MP: 2/2
   829 | D:2      | Reached skill level 3 in Axes
   871 | D:2      | Found a white marble altar of Elyvilon.
   878 | D:2      | Gained mutation: You have hoof-like feet. [demonic
                  | ancestry]
   878 | D:2      | Reached XP level 3. HP: 22/29 MP: 3/3
  1441 | D:2      | Reached ** piety under Trog
  1600 | D:3      | Found a shadowy altar of Dithmenos.
  1807 | D:3      | Reached XP level 4. HP: 36/36 MP: 4/4
  1908 | D:3      | Noticed Purgy
  1915 | D:3      | Killed Purgy
  1915 | D:3      | Reached skill level 4 in Fighting
  1915 | D:3      | Reached XP level 5. HP: 42/42 MP: 5/5
  2341 | D:4      | Noticed a phantom
  2357 | D:4      | Reached skill level 3 in Armour
  2357 | D:4      | Reached skill level 3 in Dodging
  2392 | D:4      | Killed a phantom
  2392 | D:4      | Gained mutation: You are immune to rotting. [demonic
                  | ancestry]
  2392 | D:4      | Reached XP level 6. HP: 36/48 MP: 6/6
  2474 | D:4      | Found a sand-covered staircase.
  2510 | Ossuary  | Entered an ossuary
  2683 | Ossuary  | HP: 3/49 [mummy (13)]
  2685 | Ossuary  | Reached skill level 4 in Axes
  3683 | D:4      | HP: 12/49 [poisoned by a scorpion]
  3688 | D:4      | HP: 7/49 [poisoned by a scorpion]
  3693 | D:4      | HP: 4/49 [poisoned by a scorpion]
  3698 | D:4      | HP: 2/49 [poisoned by a scorpion]
  3704 | D:4      | HP: 1/49 [poisoned by a scorpion]
  4344 | D:4      | Gained mutation: A weak demonic guardian rushes to your
                  | aid. [demonic ancestry]
  4344 | D:4      | Reached XP level 7. HP: 41/55 MP: 7/7
  4362 | D:4      | HP: 13/55 [poisoned by a scorpion]
  4369 | D:4      | HP: 12/55 [poisoned by a scorpion]
  4750 | D:5      | Entered Level 5 of the Dungeon
  5019 | D:5      | Noticed Blork the orc
  5032 | D:5      | Killed Blork the orc
  5032 | D:5      | Reached skill level 5 in Fighting
  5032 | D:5      | Reached skill level 4 in Armour
  5032 | D:5      | Reached skill level 4 in Dodging
  5231 | D:5      | Reached *** piety under Trog
  5355 | D:5      | Reached skill level 5 in Axes
  5743 | D:6      | HP: 14/56 [wight/cursed +0 halberd (2)]
  5745 | D:6      | Gained mutation: You may emit foul miasma when damaged in
                  | melee. [demonic ancestry]
  5745 | D:6      | Reached XP level 8. HP: 23/62 MP: 8/8
  6142 | D:6      | Noticed Sigmund
  6147 | D:6      | Killed Sigmund
  6147 | D:6      | Reached skill level 5 in Armour
  6147 | D:6      | Reached skill level 5 in Dodging
  6246 | D:6      | Reached skill level 6 in Axes
  6425 | D:6      | Reached skill level 7 in Axes
  6446 | D:6      | HP: 23/93 [poisoned by a gnoll sergeant]
  6450 | D:6      | HP: 10/93 [poisoned by a gnoll sergeant]
  6454 | D:6      | HP: 3/62 [poisoned by a gnoll sergeant]
  6748 | D:6      | Noticed Grinder
  6756 | D:6      | Killed Grinder
  6756 | D:6      | Reached skill level 8 in Axes
  6756 | D:6      | Gained mutation: You have hooves in place of feet. [demonic
                  | ancestry]
  6756 | D:6      | Reached XP level 9. HP: 68/68 MP: 9/9
  6772 | D:6      | Noticed Pikel
  6778 | D:6      | Killed Pikel
  6778 | D:6      | Reached skill level 9 in Axes
  7414 | D:7      | Reached skill level 10 in Axes
  7491 | D:7      | Reached **** piety under Trog
  7492 | D:7      | Found a glowing silver altar of Zin.
  7642 | D:7      | Found a sacrificial altar of Ru.
  7894 | D:7      | Found a staircase to the Ecumenical Temple.
  8030 | D:7      | Found a stormy altar of Qazlal.
  8101 | D:8      | Noticed a two-headed ogre
  8106 | D:8      | Killed a two-headed ogre
  8106 | D:8      | Reached skill level 11 in Axes
  8106 | D:8      | Reached XP level 10. HP: 74/74 MP: 10/10
  8126 | D:8      | Found a hide-covered altar of Uskayaw.
  8172 | D:8      | Found a staircase to the Lair.
  8186 | D:8      | HP: 9/74 [yak (12)]
  8188 | D:8      | HP: 4/111 [yak (4)]
  8193 | D:8      | HP: 4/111 [adder (1)]
  8195 | D:8      | Shot with an arrow by a centaur

Vault maps used:
D:1:      scummos_arrival_star, minmay_tromino_v4_b
D:2:      elyvilon_altar_5
D:3:      grunt_dithmenos_smoke, uniq_purgy
D:4:      enter_ossuary_3
D:5:      minmay_skewed_foursquare, first_ration, uniq_blork_the_orc
D:6:      serial_corexii_hall, corexii_hall_statues_l,
          chequers_hall_statues_corner_a, uniq_pikel, uniq_grinder, uniq_sigmund
D:7:      nicolae_ru_the_path_less_chosen, minitemple, temple_green
D:8:      kennysheep_little_box, due_lair_maze_entry_diamond,
          nicolae_benzene_ring, hangedman_pestilent_swarm, fedhas_altar_3
Ossuary:  ossuary_tomb_3

Skill      XL: |  1  2  3  4  5  6  7  8  9 |
---------------+----------------------------+-----
Armour         | 2 3 4 5 |  5.0
Dodging        | 2 3 4 5 |  5.0
Axes           | 3 4 5 8 11 | 11.7
Fighting       | 4 5 |  5.0

Action                   |  1- 3 |  4- 6 |  7- 9 | 10-12 || total
-------------------------+-------+-------+-------+-------++-------
Melee: Hand axe          |   111 |   136 |    18 |       ||   265
       Kick              |    25 |    47 |    60 |     9 ||   141
       Battleaxe         |       |       |   204 |    18 ||   222
       War axe           |       |       |     5 |       ||     5
Invok: Berserk           |     2 |     7 |     5 |     1 ||    15
       Trog's Hand       |       |       |     1 |       ||     1
Evoke: Wand              |       |       |     1 |       ||     1
  Use: Scroll            |       |    14 |     2 |       ||    16
       Potion            |       |     6 |     2 |       ||     8
 Stab: Invisible         |       |     1 |       |       ||     1
       Distracted        |       |       |     1 |       ||     1
       Paralysed         |       |       |     3 |       ||     3
  Eat: Chunk             |     4 |     3 |     9 |       ||    16
       Ration            |       |     3 |     3 |       ||     6
Armor: Animal skin       |     9 |       |       |       ||     9
       Plate armour      |    35 |    66 |   173 |    10 ||   284
Dodge: Dodged            |    62 |    35 |   111 |     6 ||   214

Table legend:
 A = Non-vault XP
 B = Vault XP
 C = Vault XP percentage of total XP
 D = Non-vault monster count
 E = Vault monster count
 F = Vault count percentage of total count
                 A         B        C        D         E       F
            +---------+---------+-------+---------+---------+-------
      Total |    4490 |    2469 |  35.5 |     120 |      32 |  21.1
            +---------+---------+-------+---------+---------+-------
        D:1 |      32 |       3 |   8.6 |      18 |       2 |  10.0
        D:2 |      26 |       0 |   0.0 |      11 |       0 |   0.0
        D:3 |      63 |     130 |  67.4 |      14 |       1 |   6.7
        D:4 |     390 |       0 |   0.0 |       9 |       0 |   0.0
        D:5 |     280 |     281 |  50.1 |      11 |       5 |  31.2
        D:6 |    1313 |    1113 |  45.9 |      29 |       3 |   9.4
        D:7 |    1443 |       0 |   0.0 |      25 |       0 |   0.0
        D:8 |     943 |     791 |  45.6 |       3 |       5 |  62.5
    Ossuary |       0 |     151 | 100.0 |       0 |      16 | 100.0
            +---------+---------+-------+---------+---------+-------

Vault maps used:
D:1:      scummos_arrival_star, minmay_tromino_v4_b
D:2:      elyvilon_altar_5
D:3:      grunt_dithmenos_smoke, uniq_purgy
D:4:      enter_ossuary_3
D:5:      minmay_skewed_foursquare, first_ration, uniq_blork_the_orc
D:6:      serial_corexii_hall, corexii_hall_statues_l,
          chequers_hall_statues_corner_a, uniq_pikel, uniq_grinder, uniq_sigmund
D:7:      nicolae_ru_the_path_less_chosen, minitemple, temple_green
D:8:      kennysheep_little_box, due_lair_maze_entry_diamond,
          nicolae_benzene_ring, hangedman_pestilent_swarm, fedhas_altar_3
Ossuary:  ossuary_tomb_3

Table legend:
 A = Turns spent in this place as a percentage of turns spent in the entire game.
 B = Non-inter-level travel turns spent in this place as a percentage of non-inter-level travel turns spent in the entire game.
 C = Inter-level travel turns spent in this place as a percentage of turns spent in this place.
 D = Turns resting spent in this place as a percentage of non-inter-level travel turns spent in this place.
 E = Turns spent auto-exploring this place as a percentage of non-inter-level travel turns spent in this place.
 F = Non-inter-level travel turns spent in this place divided by the number of levels of this place that you've seen.
                   A       B       C       D       E      F
               +-------+-------+-------+-------+-------+----------------------
         Total | 100.0 | 100.0 |   3.0 |  14.2 |  71.2 | 882.9
       Dungeon |  90.2 |  89.9 |   3.4 |  10.1 |  75.8 | 892.5
       Ossuary |   9.8 |  10.1 |   0.0 |  49.8 |  30.8 | 806.0
               +-------+-------+-------+-------+-------+----------------------

Table legend:
 A = Kills in this place as a percentage of kills in entire the game.
 B = Kills by you in this place as a percentage of kills by you in the entire game.
 C = Kills by friends in this place as a percentage of kills by friends in the entire game.
 D = Other kills in this place as a percentage of other kills in the entire game.
 E = Experience gained in this place as a percentage of experience gained in the entire game.
 F = Experience gained in this place divided by the number of levels of this place that you have seen.
                   A       B       C       D       E      F
               +-------+-------+-------+-------+-------+----------------------
         Total | 100.0 | 100.0 | 100.0 |   N/A | 100.0 | 773.2
       Dungeon |  89.5 |  89.2 | 100.0 |   N/A |  97.8 | 851.0
       Ossuary |  10.5 |  10.8 |   0.0 |   N/A |   2.2 | 151.0
               +-------+-------+-------+-------+-------+----------------------
